 Dungeon Crawl Stone Soup version 0.31-a0-1278-g11c5b68f87 (webtiles) character file.

Game seed: 11999869972733708897

2296 timneilson the Ruffian (level 9, 0/61 HPs)
             Began as an Octopode Shapeshifter on Dec 17, 2023.
             Was an Initiate of Gozag.
             Slain by Maurice
             ... wielding a +0 short sword
              (7 damage)
             ... on level 7 of the Dungeon.
             The game lasted 00:11:41 (6798 turns).

timneilson the Ruffian (Octopode Shapeshifter)      Turns: 6798, Time: 00:11:41

Health: 0/61       AC:  1    Str: 18    XL:     9   Next: 40%
Magic:  0/9        EV: 16    Int: 12    God:    Gozag
Gold:   0          SH:  0    Dex: 17    Spells: 8/8 levels left

rFire   . .          .
                       - Unarmed
rCold   + . .        (no shield)
rNeg    . . .        (helmet currently unavailable)
rPois   .            (no amulet)
rElec   .            j - +6 ring of dexterity
rCorr   +            n - ring of resist corrosion
SInv    .            l - ring of protection from cold
Will    .....        (no ring)
Stlth   ++++         (no ring)
HPRegen 0.30/turn    (no ring)
MPRegen 0.11/turn    (no ring)
                     (no ring)

%: no passive effects
@: beast-form
A: beast (slay +3), almost no armour, amphibious, 8 rings, camouflage 1,
gelatinous body 1, (nimble swimmer 1), tentacles
a: Begin Untransformation, Renounce Religion, Potion Petition, Call Merchant,
Bribe Branch


You were on level 7 of the Dungeon.
You worshipped Gozag.
Gozag was noncommittal.
You were a hulking beast.
You visited 2 branches of the dungeon, and saw 8 of its levels.
You also visited: Sewer.

You collected 77 gold pieces.
You paid 77 gold pieces to Gozag.

Inventory:

Jewellery
 j - a +6 ring of dexterity (left tentacle)
 l - a ring of protection from cold (on tentacle)
 n - a ring of resist corrosion (right tentacle)
Talismans
 c - a flux talisman
Wands
 g - a wand of polymorph (9)
 h - a wand of paralysis (14)
 p - a wand of roots (8)
 q - a wand of digging (5)
Scrolls
 d - 3 scrolls of blinking
 f - 4 scrolls of identify
 k - a scroll of fear
 o - a scroll of enchant weapon
 s - 2 scrolls of teleportation
Potions
 a - 3 potions of lignification
 e - a potion of resistance
 i - 2 potions of brilliance
 m - a potion of cancellation
 r - 4 potions of enlightenment


   Skills:
 * Level 5.5 Fighting
 * Level 5.8 Dodging
 + Level 5.3 Stealth
 * Level 6.1 Unarmed Combat
 + Level 3.7 Evocations
 * Level 5.8 Shapeshifting


You had 8 spell levels left.
You didn't know any spells.
Your spell library contained the following spells:

 Spells                   Type           Power      Damage    Failure   Level
 Necrotise                Necr           0%         1d4       32%         1
 Ozocubu's Armour         Ice            0%         N/A       69%         3
 Vampiric Draining        Necr           0%         2d6       69%         3
 Volatile Blastmotes      Fire/Tloc      0%         2d10      69%         3
 Fulminant Prism          Conj/Hex       0%         3d5       97%         4
 Iskenderun's Mystic Bla  Conj/Tloc      0%         2d3       97%         4
 Agony                    Necr           0%         N/A       100%        5
 Borgnjor's Vile Clutch   Necr/Erth      0%         N/A       100%        5
 Death Channel            Necr           0%         N/A       100%        6
 Ozocubu's Refrigeration  Ice            0%         4d7       100%        7
 Animate Dead             Necr           Unusable   N/A       N/A         4

Dungeon Overview and Level Annotations

Branches:
Dungeon (7/15)             Temple (1/1) D:6           Sewer (visited)

Altars:
Ashenzari
Cheibriados
Dithmenos
Elyvilon
Fedhas
Gozag
Kikubaaqudgha
Makhleb
Nemelex Xobeh
Qazlal
Ru
Trog
Uskayaw
Wu Jian
Xom
Yredelemnul
Zin

Annotations:
D:7 Jeremiah, Maurice
Temple 2 transporters


Innate Abilities, Weirdness & Mutations

You are a hulking beast.
Your limbs bulge with bestial killing power. (Slay +3)
You cannot wear most types of armour.
You are amphibious.
You can wear up to eight rings at the same time.
Your skin changes colour to match your surroundings (Stealth+).
Your rubbery body absorbs attacks. (AC +1, EV +1)
((You are camouflaged when in or above water. (Stealth+)))
You have tentacles for arms and can constrict up to eight enemies at once.


Message History

You hear a shout!
You closely miss Maurice. You grab Maurice. You tentacle-slap Maurice.
You squeeze Maurice.
Maurice is heavily wounded.
You constrict Maurice.
Maurice says, "Nice gear.
Can I borrow some?"
Maurice hits you with a +0 short sword!
Maurice steals 421 gold pieces!
You no longer have enough gold to fund merchants seeking to open stores in the dungeon.
You now have 422 gold pieces.
Maurice bites you!
You feel your power leaking away. Maurice drains your magic.
Unknown command.
You bludgeon Maurice! You squeeze Maurice.
Maurice is severely wounded.
You constrict Maurice.
Maurice zaps a wand.
You struggle to resist.
You tentacle-slap Maurice but do no damage.
Maurice is severely wounded.
You constrict Maurice.
Maurice shouts, "Mine, all mine!"
Maurice gestures wildly while chanting.
Maurice flickers and vanishes!
Deactivating autopickup; reactivate with Ctrl-A.
You closely miss something. You constrict something. Something hits you.
Something steals 189 gold pieces!
You no longer have enough gold to petition Gozag for potion effects.
You now have 233 gold pieces.
Something bites you.
You feel your power leaking away. Something drains your magic.
You tentacle-slap something. You squeeze something! You constrict something.
Something hits you.
Something steals 233 gold pieces!
You now have 0 gold pieces.
Something bites you!
* * * LOW HITPOINT WARNING * * *
You feel your power leaking away. Something drains your magic.
You closely miss something. You constrict something. Something hits you.
* * * LOW HITPOINT WARNING * * *
Something groans, "What are you, a monk?"
Something bites you!
You die...
Your body crumbles into a pile of gold.

#.....#.# #.# #.# #.#.#.#.#
#.# #.# #.##...## #.#
#.########
#.###.###.#####.####........#
##.# #.#
#.............#####.#
...###.#########.#####.#
###.......# #.# #.# #......>#
#.# #.# #.......# #h# #.#
#.......## #{# #.# #
#........### #b# #.# #.####
#..........


.Fb .. #..... #........### #.# ..#.... ###.......### #.# ##.## #...........# #..
#. # #.#.......#.#####. .. # ................ ## # You could see Jeremiah.

Vanquished Creatures
  Pikel (D:6)
  A wyvern (D:7)
  A water moccasin (D:6)
  An ice beast (D:7)
  2 crocodiles (Sewer)
  An ogre (D:6)
  A centaur (D:7)
  A lemure (D:6)
  Blork the orc (D:4)
  5 scorpions
  3 killer bees (D:7)
  2 hounds
  A jelly (D:6)
  An orc priest (D:7)
  2 sleepcaps
  Jessica (D:2)
  Ijyb (D:5)
  An iguana (D:7)
  2 orc wizards
  A sickly merfolk siren (Sewer)
  A malarious merfolk avatar (Sewer)
  7 gnolls
  A river rat (Sewer)
  12 adders
  2 ufetubi (D:6)
  3 worms
  3 dart slugs
  23 orcs
  2 bats
  7 endoplasms
  8 giant cockroaches
  11 goblins
  11 hobgoblins
  16 kobolds
  3 quokkas
  5 ball pythons
  4 frilled lizards
  6 rats
155 creatures vanquished.

Notes
Turn   | Place    | Note
-------+----------+-------------------------------------------
     0 | D:1      | timneilson the Octopode Shapeshifter began the quest for
                  | the Orb.
     0 | D:1      | Reached XP level 1. HP: 13/13 MP: 1/1
   100 | D:1      | Reached XP level 2. HP: 18/18 MP: 2/2
   282 | D:1      | Found a faded altar of an unknown god.
   752 | D:2      | Reached XP level 3. HP: 15/23 MP: 3/3
   896 | D:2      | Reached skill level 1 in Stealth
  1233 | D:2      | Noticed Jessica
  1241 | D:2      | Killed Jessica
  1242 | D:2      | Reached XP level 4. HP: 29/29 MP: 4/4
  2061 | D:3      | Reached XP level 5. HP: 27/34 MP: 5/5
  2303 | D:4      | Reached skill level 1 in Evocations
  2358 | D:4      | Noticed Blork the orc
  2365 | D:4      | Killed Blork the orc
  2366 | D:4      | Reached XP level 6. HP: 9/41 MP: 6/6
  2557 | D:4      | Reached skill level 4 in Unarmed Combat
  3138 | D:5      | Entered Level 5 of the Dungeon
  3253 | D:5      | Reached XP level 7. HP: 43/46 MP: 7/7
  3485 | D:5      | Noticed Ijyb
  3496 | D:5      | Killed Ijyb
  4124 | D:6      | Found a staircase to the Ecumenical Temple.
  4141 | Temple   | Found a transporter.
  4141 | Temple   | Found a transporter.
  4141 | Temple   | Found a transporter.
  4141 | Temple   | Found a transporter.
  4141 | Temple   | Entered the Ecumenical Temple
  4154 | Temple   | Became a worshipper of Gozag Ym Sagoz the Greedy
  4358 | D:6      | Reached XP level 8. HP: 29/54 MP: 8/8
  4429 | D:6      | Found a glowing drain.
  4493 | Sewer    | Entered a sewer
  4573 | Sewer    | Reached skill level 5 in Unarmed Combat
  5216 | D:6      | Reached skill level 5 in Shapeshifting
  5233 | D:6      | Noticed Pikel
  5314 | D:6      | Killed Pikel
  5315 | D:6      | Reached skill level 5 in Fighting
  5315 | D:6      | Reached skill level 5 in Dodging
  5470 | D:6      | Reached XP level 9. HP: 61/61 MP: 9/9
  5800 | D:7      | Reached skill level 5 in Stealth
  5956 | D:7      | Noticed Jeremiah
  5981 | D:7      | Reached skill level 6 in Unarmed Combat
  6786 | D:7      | Noticed Maurice
  6790 | D:7      | Maurice stole a beast talisman
  6793 | D:7      | Maurice stole 421 gold
  6796 | D:7      | Something stole 189 gold
  6797 | D:7      | Something stole 233 gold
  6798 | D:7      | Slain by Maurice

Illustrated notes

Levels and vault maps discovered:
D:1:      pf_arrival_petrified_forest, layout_basic,
          hellmonk_ecumenical_altar_slurped_away
D:2:      layout_basic, uniq_jessica
D:3:      layout_loops_corners, st_stairs_9
D:4:      layout_rooms, minmay_pentomino_pile, uniq_blork_the_orc
D:5:      layout_gridville, uniq_ijyb
D:6:      corexii_shantytown, layout_rooms, temple_fountains,
          gup_sewer_entry_glass, uniq_pikel
D:7:      layout_loops_ring, uniq_jeremiah, uniq_maurice
Temple:   hellmonk_temple_divided_pantheon

Skill      XL: |  1  2  3  4  5  6  7  8  9 |
---------------+----------------------------+-----
Stealth        | 1 2 3 4 5 |  5.3
Fighting       | 2 3 5 |  5.5
Evocations     | 1 2 3 |  3.7
Dodging        | 3 4 5 |  5.8
Unarmed Combat | 4 5 6 |  6.1
Shapeshifting  | 4 5 |  5.8

Action                     |  1- 3 |  4- 6 |  7- 9 || total
---------------------------+-------+-------+-------++-------
  Melee: Unarmed           |    58 |    90 |   207 ||   355
         Constrict         |    19 |    25 |    51 ||    95
         Tentacles         |    13 |    21 |    40 ||    74
         Punch             |     1 |     3 |    12 ||    16
    Use: Scroll            |     3 |     9 |     6 ||    18
         Potion            |       |     1 |     3 ||     4
   Stab: Sleeping          |    12 |     9 |    21 ||    42
 Armour: Skin              |    14 |    33 |    97 ||   144
  Dodge: Dodged            |    27 |    45 |   153 ||   225

Table legend: (Time is in decaauts)
 A = Elapsed time spent in this place.
 B = Non-inter-level travel time spent in this place.
 C = Inter-level travel time spent in this place.
 D = Time resting spent in this place.
 E = Time spent auto-exploring this place.
 F = Levels seen in this place.
 G = Mean time per level.
                   A        B        C        D        E       F      G
               +--------+--------+--------+--------+--------+-----+--------+
         Total |   6771 |   6595 |    176 |    519 |   4525 |   9 |  752.3 |
       Dungeon |   6190 |   6020 |    170 |    519 |   4145 |   7 |  884.3 |
        Temple |     30 |     24 |      6 |      0 |      0 |   1 |   30.0 |
         Sewer |    550 |    550 |      0 |      0 |    380 |   1 |  550.0 |
               +--------+--------+--------+--------+--------+-----+--------+

Top non-repeatable levels by time:
     D:7: 1147 daAuts
     D:3: 1025 daAuts
     D:5: 976 daAuts
     D:6: 939 daAuts
     D:4: 845 daAuts
     D:1: 671 daAuts
     D:2: 585 daAuts
   Sewer: 550 daAuts
  Temple: 30 daAuts
